 Dungeon Crawl Stone Soup version 0.31-a0-43-g46d131a48f (webtiles) character file.

Game seed: 13048522286305243035

83 Drazool the Cudgeller (level 4, 35/35 HPs)
             Began as a Demonspawn Fighter on May 19, 2023.
             Was a Follower of Kikubaaqudgha.
             Quit the game on level 3 of the Dungeon.
             The game lasted 00:04:26 (1998 turns).

Drazool the Cudgeller (Demonspawn Fighter)          Turns: 1998, Time: 00:04:27

Health: 35/35      AC:  6    Str: 24    XL:     4   Next: 22%
Magic:  4/4        EV:  9    Int:  4    God:    Kikubaaqudgha [*.....]
Gold:   142        SH:  4    Dex: 13    Spells: 3/3 levels left

rFire   . . .        a - +0 flail
rCold   . . .        c - +0 buckler
rNeg    + . .        b - +0 scale mail
rPois   .            (helmet restricted)
rElec   .            (no cloak)
rCorr   .            (no gloves)
SInv    .            (no boots)
Will    .....        (no amulet)
Stlth   +            e - ring "Noagepeph" {rN+ Str+6 Int-5 Stlth+}
HPRegen 0.25/turn    (no ring)
MPRegen 0.09/turn

%: no passive effects
@: no status effects
A: horns 1
a: Renounce Religion, Unearth Wretches


You were on level 3 of the Dungeon.
You worshipped Kikubaaqudgha.
Kikubaaqudgha was aware of your devotion.
You visited 1 branch of the dungeon, and saw 3 of its levels.

You collected 142 gold pieces.


Innate Abilities, Weirdness & Mutations

You have a pair of small horns on your head.


   Skills:
 - Level 3.0 Fighting
 + Level 4.1 Maces & Flails
 - Level 2.6 Armour
 - Level 2.6 Shields


You had 3 spell levels left.
You didn't know any spells.
Your spell library contained the following spells:

 Spells                   Type           Power      Damage    Failure   Level
 Kiss of Death            Conj/Necr      0%         2d5       86%         1
 Necrotise                Necr           0%         1d4       86%         1
 Blink                    Tloc           0%         N/A       95%         2
 Cigotuvi's Dreadful Rot  Necr/Pois/Air  0%         N/A       95%         2
 Lesser Beckoning         Tloc           0%         N/A       95%         2
 Momentum Strike          Conj/Tloc      0%         3d8       95%         2
 Vampiric Draining        Necr           0%         2d6       99%         3

Inventory:

Hand Weapons
 a - a +0 flail (weapon)
 p - a +0 great mace
Armour
 b - a +0 scale mail (worn)
 c - a +0 buckler (worn)
Jewellery
 e - the ring "Noagepeph" (left hand) {rN+ Str+6 Int-5 Stlth+}
   (You acquired it on level 2 of the Dungeon)

   [ring of strength]

   Str:       It affects your strength (+6).
   Int:       It affects your intelligence (-5).
   rN:        It protects you from negative energy.
   Stlth:     It makes you more stealthy.
Scrolls
 g - a scroll of amnesia
 h - a scroll of fear
 i - a scroll of brand weapon
 j - 3 scrolls of fog
 k - a scroll of vulnerability
 l - a scroll of butterflies
 o - a scroll of magic mapping {unknown}
Potions
 d - a potion of might
 f - 2 potions of mutation {unknown}
 m - a potion of attraction {unknown}
 n - a potion of curing {unknown}
 q - a potion of haste {unknown}

Dungeon Overview and Level Annotations

Branches:
Dungeon (3/15)

Altars:
Fedhas
Kikubaaqudgha

##...8.▒▒...▒▒^8..#.>.......
#.....▒▒....⌠▒▒...'.........
#...†▒▒...⚑..▒▒▒..#.........
#.#.▒▒......⌠▒.▒▒.#.........
#...▒.......▒▒..▒.####.##+##
#.#.▒>..▒▒▒▒▒...')# #.##+##
#...▒ ▒▒.......▒.# #...†..
#.#.▒▒ ▒⌠......▒▒.# #......
#....▒▒▒..⚑@..▒▒..# #......
##.#...▒▒⌠....▒▒...# #......
........8.▒▒...▒▒.8..#
#......
####.#.....▒▒▒▒▒.....#
#...... #.#...............#
#...... ..#.#.#....#####.##
#.##... .≈...#.#...## #.#
....▒...+.†.+ ..#
.≈...≈.....# ###


There were no monsters in sight!


Message History

You see here a +0 whip.
You open the door.
There is an open door here.
There is an open door here.
A bat comes into view.
Found 2 stones.
The bat barely misses you. The bat hits you but does no damage.
You block the bat's attack.
You miss the bat. Your headbutt misses the bat.
The bat hits you but does no damage. The bat completely misses you.
You barely miss the bat. You headbutt the bat.
You kill the bat!
No target in view!
There is an open door here.
Found 9 gold pieces.
There is an open door here.
Found a blossoming altar of Fedhas.
Found a stone staircase leading down.
There is a faded altar of an unknown god here.
You now have 142 gold pieces (gained 9).
There is a faded altar of an unknown god here.
This altar belongs to (a) Sif Muna, (b) Kikubaaqudgha or (c) Jiyva, but you can't tell which.
Press the corresponding letter to learn more about a god, or press enter to convert or escape to cancel.
Okay, then.
This altar belongs to (a) Sif Muna, (b) Kikubaaqudgha or (c) Jiyva, but you can't tell which.
Press the corresponding letter to learn more about a god, or press enter to convert or escape to cancel.
Kikubaaqudgha accepts your prayer! Kikubaaqudgha welcomes you!
You can now bring forth the wretched and dying.
Kikubaaqudgha grants you a gift!
You add the spells Kiss of Death, Necrotise, Cigotuvi's Dreadful Rot and Vampiric Draining to your library.
Are you sure you want to abandon this character and quit the game? (Confirm with "yes".)

Skill      XL: |  1  2  3 |
---------------+----------+-----
Maces & Flails | 2 3 4 |  4.1
Fighting       | |  3.0
Armour         | |  2.6
Shields        | |  2.6

Action                     |  1- 3 |  4- 6 || total
---------------------------+-------+-------++-------
  Melee: Flail             |    97 |    28 ||   125
         Headbutt          |     8 |     1 ||     9
    Use: Scroll            |     7 |     2 ||     9
 Armour: Scale mail        |    43 |    24 ||    67
  Dodge: Dodged            |    51 |    18 ||    69
  Block: Buckler           |    21 |     5 ||    26

Levels and vault maps discovered:
D:1:      grunt_arrival_crossed_arrows, layout_basic, minivault_26
D:2:      layout_rooms, minmay_misc_feat_tower, uniq_jessica
D:3:      layout_basic, mainiacjoe_overflow_boulevard,
          nicolae_overflow_ecumenical_swirl,
          hellmonk_ecumenical_altar_pennies_from_heaven, minivault_23,
          minmay_tree_intersection, nicolae_kite_square_tiling_tiny

Notes
Turn   | Place    | Note
-------+----------+-------------------------------------------
     0 | D:1      | Drazool the Demonspawn Fighter began the quest for the Orb.
     0 | D:1      | Reached XP level 1. HP: 18/18 MP: 1/1
    53 | D:1      | Reached skill level 2 in Maces & Flails
   173 | D:1      | Gained mutation: You have a pair of small horns on your
                  | head. [demonic ancestry]
   173 | D:1      | Reached XP level 2. HP: 24/24 MP: 2/2
   717 | D:1      | Reached skill level 3 in Maces & Flails
  1077 | D:1      | Reached XP level 3. HP: 29/29 MP: 3/3
  1082 | D:2      | Identified a scroll of acquirement
  1086 | D:2      | Acquired the ring "Noagepeph" {rN+ Str+6 Int-5 Stlth+}
  1501 | D:2      | Noticed Jessica
  1515 | D:2      | Killed Jessica
  1516 | D:2      | Reached skill level 4 in Maces & Flails
  1516 | D:2      | Reached XP level 4. HP: 27/35 MP: 4/4
  1954 | D:3      | Found a faded altar of an unknown god.
  1986 | D:3      | Found a blossoming altar of Fedhas.
  1996 | D:3      | Prayed at the altar of an unknown god.
  1996 | D:3      | Became a worshipper of Kikubaaqudgha
  1996 | D:3      | Reached * piety under Kikubaaqudgha
  1996 | D:3      | Received a gift from Kikubaaqudgha
  1998 | D:3      | Quit the game

Vanquished Creatures
  Jessica (D:2)
  A dart slug (D:1)
  2 worms
  4 ball pythons
  3 bats
  4 endoplasms
  2 giant cockroaches
  4 hobgoblins
  6 jackals
  3 kobolds (D:1)
  5 frilled lizards
  7 goblins
  4 rats
46 creatures vanquished.

Table legend: (Time is in decaauts)
 A = Elapsed time spent in this place.
 B = Non-inter-level travel time spent in this place.
 C = Inter-level travel time spent in this place.
 D = Time resting spent in this place.
 E = Time spent auto-exploring this place.
 F = Levels seen in this place.
 G = Mean time per level.
                   A        B        C        D        E       F      G
               +--------+--------+--------+--------+--------+-----+--------+
         Total |   2036 |   1887 |    149 |     27 |   1492 |   3 |  678.7 |
       Dungeon |   2036 |   1887 |    149 |     27 |   1492 |   3 |  678.7 |
               +--------+--------+--------+--------+--------+-----+--------+

Top non-repeatable levels by time:
     D:1: 1083 daAuts
     D:2: 712 daAuts
     D:3: 241 daAuts

Table legend:
 A = Non-vault XP
 B = Vault XP
 C = Vault XP percentage of total XP
 D = Non-vault monster count
 E = Vault monster count
 F = Vault count percentage of total count
                 A         B        C        D         E       F
            +---------+---------+-------+---------+---------+-------
      Total |      82 |      37 |  31.1 |      45 |       1 |   2.2
            +---------+---------+-------+---------+---------+-------
        D:1 |      41 |       0 |   0.0 |      22 |       0 |   0.0
        D:2 |      28 |      37 |  56.9 |      16 |       1 |   5.9
        D:3 |      13 |       0 |   0.0 |       7 |       0 |   0.0
            +---------+---------+-------+---------+---------+-------
